Goals | Penalties |
1. Penguins , Mikko Rantanen 12 (Mattias Ekholm 13, Quinn Hughes 12) at 9:58 (PP)
|
Mattias Ekholm (PIT) for Interference (Minor) at 0:03 Nick Leddy (TBL) for High sticking (Minor) at 8:28 Devon Toews (PIT) for Tripping (Minor) at 11:09
|
2. Penguins , Nikita Kucherov 8 (Mattias Ekholm 14, Quinn Hughes 13) at 3:06
3. Penguins , Nathan MacKinnon 9 (Luke Hughes 4, Mikko Rantanen 14) at 19:33
|
Jack Hughes (PIT) for Unsportsmanlike conduct (Minor) at 4:40 Eric Robinson (TBL) for Roughing (Minor) at 13:46
|
4. Penguins , Brandon Hagel 7 (Quinn Hughes 14, Mikko Rantanen 15) at 12:09 (PP)
|
Mattias Ekholm (PIT) for Interference (Minor) at 0:54 Devon Toews (PIT) for High sticking (Minor) at 6:25 Alex Newhook (TBL) for Roughing (Minor) at 10:50 Andre Burakovsky (TBL) for Hooking (Minor) at 13:53 Connor Murphy (TBL) for Roughing (Minor) at 17:10
|
|
Ville Husso (TBL), 23 saves from 27 shots - (0,852), L, 4-9-1, 60:00 minutes
Connor Hellebuyck (PIT), 23 saves from 23 shots - (1,000), W, 15-3-0, 60:00 minutes
|
|
1 - Connor Hellebuyck (PIT)
2 - Mikko Rantanen (PIT)
3 - Quinn Hughes (PIT)
|
Referees : Brian Pochmara and Evgeny Romasko
Linesman : Vaughan Rody and Derek Amell
|
|
No Game Note
|
|
Level 1 -- Attendance: 6000 (100,00%) -- Ticket Income $480,000
Level 2 -- Attendance: 4606 (92,12%) -- Ticket Income $230,300
Level 3 -- Attendance: 2000 (100,00%) -- Ticket Income $70,000
Level 4 -- Attendance: 4000 (100,00%) -- Ticket Income $80,000
Luxury Box -- Attendance: 1000 (100,00%) -- Ticket Income $170,000
Game was played at the DS Arena.
Total Attendance: 17606 (97,81%)
Total Ticket Income: $1,030,300
Other Income: $92,727
Total Income: $1,123,027
|
Team Name |
Goals |
Shots |
Shots Attemp |
Shots Blocked |
PIM |
HIT |
PP |
PK |
FO% |
Lightning |
0 | 23 | 47 | 7 | 10 | 20 | 0 / 5 (0%) | 2 | 40% |
Penguins |
4 | 27 | 61 | 9 | 10 | 22 | 2 / 5 (40%) | 0 | 60% |
Lightning
Player Name |
POS |
G |
A |
P |
+/- |
PIM |
HIT |
SHT |
SB |
MP |
PP MP |
PP SHT |
PK MP |
PK SHT |
FO% |
FOT |
Adam Pelech | D | 0 | 0 | 0 | 0 | 0 | 1 | 2 | 2 | 21:53 | 4:50 | 1 | 3:56 | 0 | 0% |
0 |
Alex Newhook | C | 0 | 0 | 0 | -1 | 2 | 2 | 3 | 1 | 18:49 | 4:53 | 1 | 0:34 | 0 | 32% |
25 |
Alexandre Carrier | D | 0 | 0 | 0 | -1 | 0 | 0 | 2 | 2 | 18:59 | 5:05 | 1 | 4:02 | 0 | 0% |
0 |
Andre Burakovsky | LW | 0 | 0 | 0 | -1 | 2 | 3 | 2 | 0 | 18:15 | 4:53 | 2 | 0:00 | 0 | 100% |
2 |
Carson Meyer | RW | 0 | 0 | 0 | 0 | 0 | 0 | 0 | 0 | 4:02 | 0:00 | 0 | 0:00 | 0 | 0% |
0 |
Cole Smith | LW | 0 | 0 | 0 | -1 | 0 | 6 | 5 | 0 | 19:54 | 5:02 | 1 | 0:00 | 0 | 50% |
2 |
Connor Murphy | D | 0 | 0 | 0 | -1 | 2 | 2 | 0 | 0 | 19:38 | 0:08 | 0 | 3:36 | 0 | 0% |
0 |
Curtis Lazar | C/RW | 0 | 0 | 0 | 0 | 0 | 1 | 0 | 0 | 14:10 | 0:00 | 0 | 5:08 | 0 | 100% |
2 |
Eric Robinson | LW | 0 | 0 | 0 | 0 | 2 | 0 | 3 | 0 | 9:01 | 0:00 | 0 | 0:00 | 0 | 0% |
0 |
JJ Peterka | RW | 0 | 0 | 0 | -1 | 0 | 2 | 1 | 0 | 21:44 | 4:53 | 0 | 3:28 | 0 | 0% |
1 |
Kasperi Kapanen | RW | 0 | 0 | 0 | -1 | 0 | 0 | 3 | 0 | 19:54 | 5:02 | 0 | 0:00 | 0 | 0% |
0 |
Logan Cooley | C | 0 | 0 | 0 | -1 | 0 | 0 | 1 | 0 | 19:54 | 5:02 | 0 | 0:00 | 0 | 30% |
27 |
Matt Grzelcyk | D | 0 | 0 | 0 | -1 | 0 | 1 | 1 | 0 | 17:59 | 4:50 | 0 | 0:52 | 0 | 0% |
0 |
Nick Leddy | D | 0 | 0 | 0 | 0 | 2 | 1 | 0 | 1 | 24:12 | 4:57 | 0 | 3:44 | 0 | 0% |
0 |
Ryan Poehling | C | 0 | 0 | 0 | 0 | 0 | 0 | 0 | 0 | 12:24 | 0:00 | 0 | 3:22 | 0 | 50% |
14 |
Travis Hamonic | D | 0 | 0 | 0 | -1 | 0 | 1 | 0 | 1 | 17:17 | 0:00 | 0 | 1:22 | 0 | 0% |
0 |
Trevor Lewis | C | 0 | 0 | 0 | 0 | 0 | 0 | 0 | 0 | 8:52 | 0:00 | 0 | 4:50 | 0 | 55% |
11 |
Zach Sanford | LW | 0 | 0 | 0 | 0 | 0 | 0 | 0 | 0 | 4:12 | 0:00 | 0 | 0:10 | 0 | 0% |
0 |
Penguins
Player Name |
POS |
G |
A |
P |
+/- |
PIM |
HIT |
SHT |
SB |
MP |
PP MP |
PP SHT |
PK MP |
PK SHT |
FO% |
FOT |
Brandon Hagel | LW/RW | 1 | 0 | 1 | 1 | 0 | 2 | 3 | 0 | 18:11 | 3:58 | 1 | 0:00 | 0 | 100% |
1 |
Cale Makar | D | 0 | 0 | 0 | 0 | 0 | 1 | 1 | 1 | 24:43 | 4:48 | 1 | 5:07 | 0 | 0% |
0 |
Devon Toews | D | 0 | 0 | 0 | 0 | 4 | 1 | 2 | 2 | 22:03 | 4:48 | 2 | 3:29 | 0 | 0% |
0 |
Frederick Gaudreau | C/RW | 0 | 0 | 0 | 0 | 0 | 0 | 1 | 0 | 8:04 | 0:00 | 0 | 4:05 | 1 | 100% |
2 |
Jack Hughes | C/LW | 0 | 0 | 0 | 1 | 2 | 1 | 5 | 0 | 19:00 | 4:48 | 3 | 0:00 | 0 | 54% |
26 |
Jason Dickinson | C | 0 | 0 | 0 | 0 | 0 | 2 | 0 | 0 | 12:41 | 0:00 | 0 | 4:05 | 0 | 50% |
12 |
Jordan Staal | C | 0 | 0 | 0 | 0 | 0 | 0 | 0 | 0 | 9:28 | 0:00 | 0 | 5:29 | 0 | 53% |
15 |
Kirill Kaprizov | LW | 0 | 0 | 0 | 1 | 0 | 1 | 1 | 0 | 19:19 | 4:48 | 0 | 0:00 | 0 | 0% |
1 |
Luke Hughes | D | 0 | 1 | 1 | 1 | 0 | 3 | 0 | 1 | 15:45 | 0:00 | 0 | 4:41 | 0 | 0% |
0 |
Mac Hollowell | D | 0 | 0 | 0 | 1 | 0 | 0 | 0 | 1 | 12:16 | 0:00 | 0 | 0:12 | 0 | 0% |
0 |
Matt Nieto | LW | 0 | 0 | 0 | 0 | 0 | 0 | 1 | 0 | 4:03 | 0:00 | 0 | 0:04 | 0 | 0% |
0 |
Mattias Ekholm | D | 0 | 2 | 2 | 1 | 4 | 3 | 0 | 1 | 21:55 | 3:58 | 0 | 2:32 | 0 | 0% |
0 |
Mikko Rantanen | RW | 1 | 2 | 3 | 1 | 0 | 0 | 3 | 0 | 18:29 | 3:58 | 2 | 0:00 | 0 | 100% |
2 |
Nathan MacKinnon | C | 1 | 0 | 1 | 1 | 0 | 0 | 4 | 3 | 18:29 | 3:58 | 1 | 0:00 | 0 | 64% |
22 |
Nikita Kucherov | RW | 1 | 0 | 1 | 1 | 0 | 1 | 3 | 0 | 19:01 | 4:48 | 0 | 0:00 | 0 | 100% |
2 |
Quinn Hughes | D | 0 | 3 | 3 | 1 | 0 | 0 | 0 | 0 | 23:14 | 3:58 | 0 | 3:49 | 0 | 0% |
0 |
Ryan Hartman | RW | 0 | 0 | 0 | 0 | 0 | 2 | 0 | 0 | 14:22 | 0:00 | 0 | 5:46 | 0 | 0% |
0 |
Tomas Nosek | LW | 0 | 0 | 0 | 0 | 0 | 5 | 3 | 0 | 8:57 | 0:00 | 0 | 0:21 | 0 | 100% |
1 |
Lightning
5 vs 5 Forward |
---|
Line # | Left Wing | Center | Right Wing | PHY | DF | OF | Wanted % | Time % | Time Play |
1 | Andre Burakovsky | Alex Newhook | JJ Peterka | 1 | 2 | 2 | 34 | 32% | 13:23
|
2 | Cole Smith | Logan Cooley | Kasperi Kapanen | 1 | 2 | 2 | 33 | 36% | 14:52
|
3 | Eric Robinson | Ryan Poehling | Curtis Lazar | 1 | 2 | 2 | 24 | 22% | 9:02
|
4 | Zach Sanford | Trevor Lewis | Carson Meyer | 1 | 2 | 2 | 9 | 10% | 4:02
|
5 vs 5 Defense |
---|
Line # | Defense | Defense | | PHY | DF | OF | Wanted % | Time % | Time Play |
1 | Nick Leddy | Adam Pelech | | 1 | 2 | 2 | 34 | 32% | 13:07
|
2 | Connor Murphy | Travis Hamonic | | 1 | 2 | 2 | 33 | 39% | 15:55
|
3 | Matt Grzelcyk | Alexandre Carrier | | 1 | 2 | 2 | 24 | 24% | 9:52
|
4 | Nick Leddy | Matt Grzelcyk | | 1 | 2 | 2 | 9 | 6% | 2:25
|
Power Play Forward |
---|
Line # | Left Wing | Center | Right Wing | PHY | DF | OF | Wanted % | Time % | Time Play |
1 | Andre Burakovsky | Alex Newhook | JJ Peterka | 1 | 2 | 2 | 55 | 49% | 4:53
|
2 | Cole Smith | Logan Cooley | Kasperi Kapanen | 1 | 2 | 2 | 45 | 51% | 5:02
|
Power Play Defense |
---|
Line # | Defense | Defense | | PHY | DF | OF | Wanted % | Time % | Time Play |
1 | Nick Leddy | Alexandre Carrier | | 1 | 2 | 2 | 55 | 50% | 4:57
|
2 | Adam Pelech | Matt Grzelcyk | | 1 | 2 | 2 | 45 | 50% | 4:58
|
Penalty Kill 4 Players Forward |
---|
Line # | Center | Wing | PHY | DF | OF | Wanted % | Time % | Time Play |
1 | Trevor Lewis | Curtis Lazar | 1 | 2 | 2 | 55 | 62% | 5:24
|
2 | Ryan Poehling | JJ Peterka | 1 | 2 | 2 | 45 | 38% | 3:22
|
Penalty Kill 4 Players Defense |
---|
Line # | Defense | Defense | PHY | DF | OF | Wanted % | Time % | Time Play |
1 | Alexandre Carrier | Adam Pelech | 1 | 2 | 2 | 55 | 45% | 3:56
|
2 | Connor Murphy | Nick Leddy | 1 | 2 | 2 | 45 | 55% | 4:50
|
Penalty Kill 3 Players |
---|
Line # | Wing | PHY | DF | OF | Wanted % | Time % | Time Play | Defense | Defense | PHY | DF | OF | Wanted % | Time % | Time Play |
1 | Ryan Poehling | 1 | 2 | 2 | 55 | 0% | 0:00
| Alexandre Carrier | Adam Pelech | 1 | 2 | 2 | 55 | 0% | 0:00
|
2 | Trevor Lewis | 1 | 2 | 2 | 45 | 0% | 0:00
| Connor Murphy | Nick Leddy | 1 | 2 | 2 | 45 | 0% | 0:00
|
4 vs 4 Forward |
---|
Line # | Center | Wing | PHY | DF | OF | Wanted % | Time % | Time Play |
1 | Logan Cooley | Andre Burakovsky | 1 | 2 | 2 | 55 | 0% | 0:00
|
2 | Alex Newhook | Curtis Lazar | 1 | 2 | 2 | 45 | 0% | 0:00
|
4 vs 4 Defense |
---|
Line # | Defense | | PHY | DF | OF | Wanted % | Time % | Time Play |
1 | Nick Leddy | Adam Pelech | 1 | 2 | 2 | 55 | 0% | 0:00
|
2 | Connor Murphy | Alexandre Carrier | 1 | 2 | 2 | 45 | 0% | 0:00
|
Last Minutes Offensive |
---|
Left Wing | Center | Right Wing | Defense | Defense |
Andre Burakovsky | Alex Newhook | JJ Peterka | Nick Leddy | Adam Pelech |
Last Minutes Defensive |
---|
Left Wing | Center | Right Wing | Defense | Defense |
Andre Burakovsky | Trevor Lewis | JJ Peterka | Alexandre Carrier | Adam Pelech |
Time |
---|
Total Forward | Total Defense | Last Minutes Offensive | Last Minutes Defensive |
60:00 |
60:00 |
0:00 | 0:00 |
Extra Forwards |
---|
Normal | PowerPlay | Penalty Kill |
Eric Robinson, Trevor Lewis, Andre Burakovsky | Eric Robinson, Trevor Lewis | JJ Peterka |
Extra Defensemen |
---|
Normal | PowerPlay | Penalty Kill |
Adam Pelech, Nick Leddy, Connor Murphy | Alexandre Carrier, Travis Hamonic | Adam Pelech |
Penalty Shots |
---|
Andre Burakovsky, JJ Peterka, Alex Newhook, Logan Cooley, Eric Robinson |
Goalie |
---|
Ville Husso, Anton Forsberg |
Scratches |
---|
Aliaksei Protas (Healthy), Ryan Johansen (Healthy), Morgan Barron (Healthy) |
Penguins
5 vs 5 Forward |
---|
Line # | Left Wing | Center | Right Wing | PHY | DF | OF | Wanted % | Time % | Time Play |
1 | Brandon Hagel | Jack Hughes | Nikita Kucherov | 1 | 2 | 2 | 35 | 34% | 14:13
|
2 | Kirill Kaprizov | Nathan MacKinnon | Mikko Rantanen | 1 | 2 | 2 | 35 | 35% | 14:31
|
3 | Tomas Nosek | Jason Dickinson | Ryan Hartman | 1 | 2 | 2 | 20 | 21% | 8:36
|
4 | Matt Nieto | Jordan Staal | Frederick Gaudreau | 1 | 2 | 2 | 10 | 10% | 3:59
|
5 vs 5 Defense |
---|
Line # | Defense | Defense | | PHY | DF | OF | Wanted % | Time % | Time Play |
1 | Quinn Hughes | Mattias Ekholm | | 1 | 2 | 2 | 40 | 37% | 15:27
|
2 | Devon Toews | Cale Makar | | 1 | 2 | 2 | 40 | 33% | 13:39
|
3 | Luke Hughes | Mac Hollowell | | 1 | 2 | 2 | 15 | 30% | 12:13
|
4 | Quinn Hughes | Cale Makar | | 1 | 2 | 2 | 5 | 0% | 0:00
|
Power Play Forward |
---|
Line # | Left Wing | Center | Right Wing | PHY | DF | OF | Wanted % | Time % | Time Play |
1 | Brandon Hagel | Nathan MacKinnon | Mikko Rantanen | 0 | 0 | 5 | 50 | 45% | 3:58
|
2 | Kirill Kaprizov | Jack Hughes | Nikita Kucherov | 0 | 0 | 5 | 50 | 55% | 4:48
|
Power Play Defense |
---|
Line # | Defense | Defense | | PHY | DF | OF | Wanted % | Time % | Time Play |
1 | Cale Makar | Devon Toews | | 0 | 0 | 5 | 50 | 55% | 4:48
|
2 | Mattias Ekholm | Quinn Hughes | | 0 | 0 | 5 | 50 | 45% | 3:58
|
Penalty Kill 4 Players Forward |
---|
Line # | Center | Wing | PHY | DF | OF | Wanted % | Time % | Time Play |
1 | Jordan Staal | Ryan Hartman | 1 | 3 | 1 | 55 | 59% | 5:50
|
2 | Jason Dickinson | Frederick Gaudreau | 1 | 3 | 1 | 45 | 41% | 4:05
|
Penalty Kill 4 Players Defense |
---|
Line # | Defense | Defense | PHY | DF | OF | Wanted % | Time % | Time Play |
1 | Devon Toews | Mattias Ekholm | 1 | 3 | 1 | 55 | 62% | 6:06
|
2 | Quinn Hughes | Cale Makar | 1 | 3 | 1 | 45 | 38% | 3:49
|
Penalty Kill 3 Players |
---|
Line # | Wing | PHY | DF | OF | Wanted % | Time % | Time Play | Defense | Defense | PHY | DF | OF | Wanted % | Time % | Time Play |
1 | Jordan Staal | 1 | 3 | 1 | 55 | 0% | 0:00
| Devon Toews | Mattias Ekholm | 1 | 3 | 1 | 55 | 0% | 0:00
|
2 | Jason Dickinson | 1 | 3 | 1 | 45 | 0% | 0:00
| Quinn Hughes | Cale Makar | 1 | 3 | 1 | 45 | 0% | 0:00
|
4 vs 4 Forward |
---|
Line # | Center | Wing | PHY | DF | OF | Wanted % | Time % | Time Play |
1 | Nathan MacKinnon | Mikko Rantanen | 1 | 2 | 2 | 50 | 0% | 0:00
|
2 | Jack Hughes | Nikita Kucherov | 1 | 2 | 2 | 50 | 0% | 0:00
|
4 vs 4 Defense |
---|
Line # | Defense | | PHY | DF | OF | Wanted % | Time % | Time Play |
1 | Devon Toews | Cale Makar | 1 | 2 | 2 | 50 | 0% | 0:00
|
2 | Quinn Hughes | Mattias Ekholm | 1 | 2 | 2 | 50 | 0% | 0:00
|
Last Minutes Offensive |
---|
Left Wing | Center | Right Wing | Defense | Defense |
Kirill Kaprizov | Nathan MacKinnon | Nikita Kucherov | Quinn Hughes | Cale Makar |
Last Minutes Defensive |
---|
Left Wing | Center | Right Wing | Defense | Defense |
Brandon Hagel | Jordan Staal | Ryan Hartman | Devon Toews | Cale Makar |
Time |
---|
Total Forward | Total Defense | Last Minutes Offensive | Last Minutes Defensive |
60:00 |
60:00 |
0:00 | 0:00 |
Extra Forwards |
---|
Normal | PowerPlay | Penalty Kill |
Ryan Hartman, Jordan Staal, Kirill Kaprizov | Ryan Hartman, Jason Dickinson | Tomas Nosek |
Extra Defensemen |
---|
Normal | PowerPlay | Penalty Kill |
Luke Hughes, Devon Toews, Cale Makar | Mattias Ekholm, Luke Hughes | Devon Toews |
Penalty Shots |
---|
Nathan MacKinnon, Nikita Kucherov, Mikko Rantanen, Kirill Kaprizov, Jack Hughes |
Goalie |
---|
Connor Hellebuyck, Joonas Korpisalo |
Scratches |
---|
Michael McLeod (Healthy) |
Play-by-Play
1st period
0:01 of 1st period - Alex Newhook wins face-off versus Jack Hughes in neutral zone.
0:03 of 1st period - Minor Penalty to Mattias Ekholm for Interference.
0:04 of 1st period - Alex Newhook wins face-off versus Jordan Staal in Penguins zone.
0:05 of 1st period - Shot by Andre Burakovsky.
0:05 of 1st period - Stopped by Connor Hellebuyck without a rebound.
0:06 of 1st period - Frederick Gaudreau wins face-off versus Logan Cooley in Penguins zone.
0:24 of 1st period - Icing by Matt Grzelcyk.
0:25 of 1st period - Logan Cooley wins face-off versus Jason Dickinson in Lightning zone.
1:29 of 1st period - Shot by Alexandre Carrier.
1:29 of 1st period - Stopped by Connor Hellebuyck without a rebound.
1:30 of 1st period - Jason Dickinson wins face-off versus Alex Newhook in Penguins zone.
1:30 of 1st period - Jason Dickinson is hit by Alex Newhook.
2:24 of 1st period - Shot by Eric Robinson.
2:24 of 1st period - Stopped by Connor Hellebuyck without a rebound.
2:25 of 1st period - Trevor Lewis wins face-off versus Jack Hughes in Penguins zone.
2:53 of 1st period - Zach Sanford is hit by Brandon Hagel and loses puck.
3:19 of 1st period - Off-side.
3:20 of 1st period - Nathan MacKinnon wins face-off versus Logan Cooley in neutral zone.
3:38 of 1st period - Shot by Cole Smith.
3:38 of 1st period - Stopped by Connor Hellebuyck without a rebound.
3:39 of 1st period - Andre Burakovsky wins face-off versus Jason Dickinson in Penguins zone.
3:58 of 1st period - Shot by Ryan Hartman.
3:58 of 1st period - Shot Misses the Net.
4:00 of 1st period - Shot by Tomas Nosek.
4:00 of 1st period - Shot Misses the Net.
4:02 of 1st period - Shot by Tomas Nosek.
4:02 of 1st period - Stopped by Ville Husso without a rebound.
4:03 of 1st period - Nathan MacKinnon wins face-off versus Logan Cooley in Lightning zone.
4:09 of 1st period - Icing by Cole Smith.
4:10 of 1st period - Brandon Hagel wins face-off versus Logan Cooley in Lightning zone.
4:18 of 1st period - Brandon Hagel is hit by Matt Grzelcyk and loses puck.
4:31 of 1st period - Shot by Cole Smith.
4:31 of 1st period - Stopped by Connor Hellebuyck with a rebound.
4:33 of 1st period - Shot by Cole Smith.
4:33 of 1st period - Stopped by Connor Hellebuyck with a rebound.
4:35 of 1st period - Shot by Cole Smith.
4:35 of 1st period - Shot Hit the Post.
4:37 of 1st period - Shot by Alexandre Carrier.
4:37 of 1st period - Stopped by Connor Hellebuyck without a rebound.
4:38 of 1st period - Nathan MacKinnon wins face-off versus Alex Newhook in Penguins zone.
4:38 of 1st period - Nathan MacKinnon is hit by JJ Peterka.
4:48 of 1st period - Shot by Mikko Rantanen.
4:48 of 1st period - Shot Misses the Net.
4:50 of 1st period - Shot by Nathan MacKinnon.
4:50 of 1st period - Shot Misses the Net.
5:02 of 1st period - Nathan MacKinnon is hit by Andre Burakovsky and loses puck.
5:16 of 1st period - Off-side.
5:17 of 1st period - Tomas Nosek wins face-off versus Ryan Poehling in neutral zone.
5:25 of 1st period - Mattias Ekholm is hit by Curtis Lazar and loses puck.
6:32 of 1st period - Shot by Kasperi Kapanen.
6:32 of 1st period - Shot Misses the Net.
6:34 of 1st period - Shot by Cole Smith.
6:34 of 1st period - Shot Blocked by Devon Toews.
7:24 of 1st period - Shot by Nathan MacKinnon.
7:24 of 1st period - Stopped by Ville Husso without a rebound.
7:25 of 1st period - Jordan Staal wins face-off versus Alex Newhook in Lightning zone.
7:28 of 1st period - Shot by Frederick Gaudreau.
7:28 of 1st period - Deflect By Jordan Staal.
7:28 of 1st period - Shot Blocked by Travis Hamonic.
7:40 of 1st period - Shot by Andre Burakovsky.
7:40 of 1st period - Shot Misses the Net.
7:42 of 1st period - Shot by JJ Peterka.
7:42 of 1st period - Shot Blocked by Luke Hughes.
7:44 of 1st period - Shot by Alex Newhook.
7:44 of 1st period - Stopped by Connor Hellebuyck without a rebound.
7:45 of 1st period - Ryan Poehling wins face-off versus Kirill Kaprizov in Penguins zone.
7:45 of 1st period - Ryan Poehling is hit by Mattias Ekholm.
8:28 of 1st period - Minor Penalty to Nick Leddy for High sticking.
8:29 of 1st period - Trevor Lewis wins face-off versus Jack Hughes in Lightning zone.
8:29 of 1st period - Connor Murphy is hit by Nikita Kucherov and loses puck.
8:34 of 1st period - Shot by Nikita Kucherov.
8:34 of 1st period - Shot Misses the Net.
8:36 of 1st period - Shot by Devon Toews.
8:36 of 1st period - Stopped by Ville Husso without a rebound.
8:37 of 1st period - Jack Hughes wins face-off versus Trevor Lewis in Lightning zone.
8:56 of 1st period - Shot by Devon Toews.
8:56 of 1st period - Stopped by Ville Husso with a rebound.
8:58 of 1st period - Shot by Kirill Kaprizov.
8:58 of 1st period - Deflect By Nikita Kucherov.
8:58 of 1st period - Shot Misses the Net.
9:56 of 1st period - Shot by Mikko Rantanen.
9:56 of 1st period - Shot Misses the Net.
9:58 of 1st period - Shot by Mattias Ekholm.
9:58 of 1st period - Deflect By Mikko Rantanen.
9:58 of 1st period - Goal by Mikko Rantanen - Lightning : 0 - Penguins : 1.
9:59 of 1st period - Logan Cooley wins face-off versus Jordan Staal in neutral zone.
10:51 of 1st period - Icing by Matt Nieto.
10:52 of 1st period - Jordan Staal wins face-off versus JJ Peterka in Penguins zone.
11:05 of 1st period - Brandon Hagel is hit by Andre Burakovsky and loses puck.
11:09 of 1st period - Minor Penalty to Devon Toews for Tripping.
11:10 of 1st period - Jordan Staal wins face-off versus Alex Newhook in Penguins zone.
11:35 of 1st period - Shot by JJ Peterka.
11:35 of 1st period - Shot Blocked by Cale Makar.
13:02 of 1st period - Icing by JJ Peterka.
13:03 of 1st period - Jordan Staal wins face-off versus Alex Newhook in Lightning zone.
14:06 of 1st period - Shot by Mikko Rantanen.
14:06 of 1st period - Shot Blocked by Alexandre Carrier.
14:45 of 1st period - Icing by Quinn Hughes.
14:46 of 1st period - Nathan MacKinnon wins face-off versus Alex Newhook in Penguins zone.
15:15 of 1st period - Shot by Adam Pelech.
15:15 of 1st period - Stopped by Connor Hellebuyck without a rebound.
15:16 of 1st period - Nikita Kucherov wins face-off versus Logan Cooley in Penguins zone.
15:22 of 1st period - Icing by Cale Makar.
15:23 of 1st period - Logan Cooley wins face-off versus Jack Hughes in Penguins zone.
15:25 of 1st period - Kasperi Kapanen is hit by Devon Toews and loses puck.
15:36 of 1st period - Shot by Nikita Kucherov.
15:36 of 1st period - Stopped by Ville Husso without a rebound.
15:37 of 1st period - Jason Dickinson wins face-off versus Alex Newhook in Lightning zone.
15:50 of 1st period - Nick Leddy is hit by Tomas Nosek and loses puck.
15:57 of 1st period - Shot by Ryan Hartman.
15:57 of 1st period - Deflect By Tomas Nosek.
15:57 of 1st period - Stopped by Ville Husso without a rebound.
15:58 of 1st period - Jack Hughes wins face-off versus Logan Cooley in Lightning zone.
16:28 of 1st period - Shot by Jack Hughes.
16:28 of 1st period - Stopped by Ville Husso without a rebound.
16:29 of 1st period - Alex Newhook wins face-off versus Nathan MacKinnon in Lightning zone.
16:46 of 1st period - Shot by JJ Peterka.
16:46 of 1st period - Shot Blocked by Devon Toews.
17:34 of 1st period - Shot by Curtis Lazar.
17:34 of 1st period - Shot Misses the Net.
17:38 of 1st period - Shot by Matt Grzelcyk.
17:38 of 1st period - Stopped by Connor Hellebuyck without a rebound.
17:39 of 1st period - Jack Hughes wins face-off versus Logan Cooley in Penguins zone.
18:17 of 1st period - Shot by Brandon Hagel.
18:17 of 1st period - Stopped by Ville Husso without a rebound.
18:18 of 1st period - Alex Newhook wins face-off versus Jason Dickinson in Lightning zone.
19:15 of 1st period - Curtis Lazar is hit by Tomas Nosek and loses puck.
19:19 of 1st period - Icing by Alexandre Carrier.
19:20 of 1st period - Curtis Lazar wins face-off versus Jack Hughes in Lightning zone.
19:30 of 1st period - Icing by Cale Makar.
19:31 of 1st period - Jack Hughes wins face-off versus Logan Cooley in Penguins zone.
19:42 of 1st period - Shot by Kasperi Kapanen.
19:42 of 1st period - Shot Hit the Post.
19:44 of 1st period - Shot by Kasperi Kapanen.
19:44 of 1st period - Stopped by Connor Hellebuyck without a rebound.
19:45 of 1st period - Nathan MacKinnon wins face-off versus Ryan Poehling in Penguins zone.
Goals for this period are 0 for Lightning vs 1 for Penguins.
Shots for this period are 11 for Lightning vs 9 for Penguins.
2nd period
0:01 of 2nd period - Andre Burakovsky wins face-off versus Jack Hughes in neutral zone.
0:17 of 2nd period - Shot by Cale Makar.
0:17 of 2nd period - Shot Misses the Net.
0:23 of 2nd period - Shot by Brandon Hagel.
0:23 of 2nd period - Shot Misses the Net.
0:56 of 2nd period - Icing by Cale Makar.
0:57 of 2nd period - Jack Hughes wins face-off versus Logan Cooley in Penguins zone.
0:57 of 2nd period - Jack Hughes is hit by Cole Smith.
1:13 of 2nd period - Shot by Kasperi Kapanen.
1:13 of 2nd period - Stopped by Connor Hellebuyck without a rebound.
1:14 of 2nd period - Nathan MacKinnon wins face-off versus Ryan Poehling in Penguins zone.
1:18 of 2nd period - Off-side.
1:19 of 2nd period - Mikko Rantanen wins face-off versus Logan Cooley in neutral zone.
1:50 of 2nd period - Shot by Nathan MacKinnon.
1:50 of 2nd period - Stopped by Ville Husso without a rebound.
1:51 of 2nd period - Alex Newhook wins face-off versus Jason Dickinson in Lightning zone.
1:51 of 2nd period - Alex Newhook is hit by Jason Dickinson.
1:54 of 2nd period - JJ Peterka is hit by Jason Dickinson and loses puck.
2:06 of 2nd period - Devon Toews is hit by Adam Pelech and loses puck.
2:40 of 2nd period - Icing by Devon Toews.
2:41 of 2nd period - Jason Dickinson wins face-off versus Logan Cooley in Penguins zone.
3:06 of 2nd period - Shot by Nikita Kucherov.
3:06 of 2nd period - Goal by Nikita Kucherov - Lightning : 0 - Penguins : 2.
3:07 of 2nd period - Ryan Poehling wins face-off versus Nathan MacKinnon in neutral zone.
3:35 of 2nd period - Icing by Curtis Lazar.
3:36 of 2nd period - Jack Hughes wins face-off versus Ryan Poehling in Lightning zone.
4:21 of 2nd period - Shot by Adam Pelech.
4:21 of 2nd period - Shot Misses the Net.
4:40 of 2nd period - Minor Penalty to Jack Hughes for Unsportsmanlike conduct.
4:41 of 2nd period - Jordan Staal wins face-off versus Logan Cooley in Penguins zone.
4:41 of 2nd period - Jordan Staal is hit by Cole Smith.
6:59 of 2nd period - Shot by Connor Murphy.
6:59 of 2nd period - Shot Blocked by Nathan MacKinnon.
7:30 of 2nd period - Shot by Trevor Lewis.
7:30 of 2nd period - Shot Blocked by Mac Hollowell.
8:34 of 2nd period - Kasperi Kapanen is hit by Brandon Hagel and loses puck.
8:48 of 2nd period - Shot by Kasperi Kapanen.
8:48 of 2nd period - Stopped by Connor Hellebuyck without a rebound.
8:49 of 2nd period - Frederick Gaudreau wins face-off versus Alex Newhook in Penguins zone.
8:57 of 2nd period - Alex Newhook is hit by Luke Hughes.
9:05 of 2nd period - Shot by JJ Peterka.
9:05 of 2nd period - Shot Misses the Net.
9:21 of 2nd period - Icing by Matt Nieto.
9:22 of 2nd period - Jordan Staal wins face-off versus Logan Cooley in Penguins zone.
9:29 of 2nd period - Shot by Frederick Gaudreau.
9:29 of 2nd period - Shot Misses the Net.
10:00 of 2nd period - Shot by Cole Smith.
10:00 of 2nd period - Shot Blocked by Nathan MacKinnon.
10:17 of 2nd period - Mikko Rantanen is hit by Cole Smith and loses puck.
10:53 of 2nd period - Icing by Connor Murphy.
10:54 of 2nd period - Jason Dickinson wins face-off versus Alex Newhook in Lightning zone.
11:06 of 2nd period - JJ Peterka is hit by Tomas Nosek and loses puck.
11:49 of 2nd period - Shot by Brandon Hagel.
11:49 of 2nd period - Shot Blocked by Alex Newhook.
11:57 of 2nd period - Shot by Nikita Kucherov.
11:57 of 2nd period - Stopped by Ville Husso with a rebound.
11:59 of 2nd period - Shot by Brandon Hagel.
11:59 of 2nd period - Stopped by Ville Husso without a rebound.
12:00 of 2nd period - Ryan Poehling wins face-off versus Nathan MacKinnon in Lightning zone.
12:07 of 2nd period - Shot by Eric Robinson.
12:07 of 2nd period - Stopped by Connor Hellebuyck without a rebound.
12:08 of 2nd period - Mikko Rantanen wins face-off versus Logan Cooley in Penguins zone.
12:08 of 2nd period - Mikko Rantanen is hit by Cole Smith.
12:14 of 2nd period - Cole Smith is hit by Kirill Kaprizov and loses puck.
12:21 of 2nd period - Shot by Mikko Rantanen.
12:21 of 2nd period - Deflect By Kirill Kaprizov.
12:21 of 2nd period - Shot Misses the Net.
12:23 of 2nd period - Shot by Mattias Ekholm.
12:23 of 2nd period - Shot Misses the Net.
12:25 of 2nd period - Shot by Kirill Kaprizov.
12:25 of 2nd period - Shot Misses the Net.
12:39 of 2nd period - Mattias Ekholm is hit by Cole Smith and loses puck.
13:03 of 2nd period - Alexandre Carrier is hit by Cale Makar and loses puck.
13:46 of 2nd period - Minor Penalty to Eric Robinson for Roughing.
13:47 of 2nd period - Nathan MacKinnon wins face-off versus Trevor Lewis in Lightning zone.
13:58 of 2nd period - Shot by Brandon Hagel.
13:58 of 2nd period - Shot Blocked by Nick Leddy.
14:26 of 2nd period - Shot by Jack Hughes.
14:26 of 2nd period - Stopped by Ville Husso without a rebound.
14:27 of 2nd period - Ryan Poehling wins face-off versus Jack Hughes in Lightning zone.
14:27 of 2nd period - Ryan Poehling is hit by Jack Hughes.
14:35 of 2nd period - Shot by Cale Makar.
14:35 of 2nd period - Stopped by Ville Husso without a rebound.
14:36 of 2nd period - Nikita Kucherov wins face-off versus Ryan Poehling in Lightning zone.
14:37 of 2nd period - Shot by Jack Hughes.
14:37 of 2nd period - Stopped by Ville Husso with a rebound.
14:39 of 2nd period - Shot by Devon Toews.
14:39 of 2nd period - Shot Misses the Net.
14:57 of 2nd period - Shot by Kirill Kaprizov.
14:57 of 2nd period - Shot Blocked by Adam Pelech.
14:59 of 2nd period - Shot by Jack Hughes.
14:59 of 2nd period - Stopped by Ville Husso without a rebound.
15:00 of 2nd period - Curtis Lazar wins face-off versus Nathan MacKinnon in Lightning zone.
15:17 of 2nd period - Shot by Mattias Ekholm.
15:17 of 2nd period - Deflect By Mikko Rantanen.
15:17 of 2nd period - Stopped by Ville Husso without a rebound.
15:18 of 2nd period - Ryan Poehling wins face-off versus Jack Hughes in Lightning zone.
15:43 of 2nd period - Devon Toews is hit by Connor Murphy and loses puck.
15:46 of 2nd period - Shot by Kirill Kaprizov.
15:46 of 2nd period - Stopped by Ville Husso without a rebound.
15:47 of 2nd period - Cole Smith wins face-off versus Jason Dickinson in Lightning zone.
15:47 of 2nd period - Cole Smith is hit by Tomas Nosek.
15:50 of 2nd period - Icing by Kasperi Kapanen.
15:51 of 2nd period - Logan Cooley wins face-off versus Jason Dickinson in Lightning zone.
15:51 of 2nd period - Logan Cooley is hit by Ryan Hartman.
16:10 of 2nd period - Tomas Nosek is hit by Nick Leddy and loses puck.
17:15 of 2nd period - Shot by Brandon Hagel.
17:15 of 2nd period - Shot Misses the Net.
17:17 of 2nd period - Shot by Cale Makar.
17:17 of 2nd period - Shot Misses the Net.
17:19 of 2nd period - Shot by Brandon Hagel.
17:19 of 2nd period - Deflect By Jack Hughes.
17:19 of 2nd period - Stopped by Ville Husso without a rebound.
17:20 of 2nd period - Ryan Poehling wins face-off versus Nathan MacKinnon in Lightning zone.
17:50 of 2nd period - Shot by Curtis Lazar.
17:50 of 2nd period - Shot Misses the Net.
18:46 of 2nd period - Shot by Logan Cooley.
18:46 of 2nd period - Shot Misses the Net.
18:48 of 2nd period - Shot by Matt Grzelcyk.
18:48 of 2nd period - Shot Misses the Net.
18:50 of 2nd period - Shot by Cole Smith.
18:50 of 2nd period - Stopped by Connor Hellebuyck without a rebound.
18:51 of 2nd period - Alex Newhook wins face-off versus Jack Hughes in Penguins zone.
18:53 of 2nd period - JJ Peterka is hit by Mattias Ekholm and loses puck.
19:27 of 2nd period - Icing by Andre Burakovsky.
19:28 of 2nd period - Nathan MacKinnon wins face-off versus Alex Newhook in Lightning zone.
19:33 of 2nd period - Shot by Nathan MacKinnon.
19:33 of 2nd period - Goal by Nathan MacKinnon - Lightning : 0 - Penguins : 3.
19:34 of 2nd period - Nathan MacKinnon wins face-off versus Logan Cooley in neutral zone.
19:41 of 2nd period - Shot by Mikko Rantanen.
19:41 of 2nd period - Stopped by Ville Husso without a rebound.
19:42 of 2nd period - Nathan MacKinnon wins face-off versus Cole Smith in Lightning zone.
19:57 of 2nd period - Shot by Nathan MacKinnon.
19:57 of 2nd period - Shot Misses the Net.
19:59 of 2nd period - Shot by Devon Toews.
19:59 of 2nd period - Shot Misses the Net.
Goals for this period are 0 for Lightning vs 2 for Penguins.
Shots for this period are 4 for Lightning vs 13 for Penguins.
3rd period
0:01 of 3rd period - Jack Hughes wins face-off versus Alex Newhook in neutral zone.
0:12 of 3rd period - Shot by Nick Leddy.
0:12 of 3rd period - Shot Hit the Post.
0:14 of 3rd period - Shot by JJ Peterka.
0:14 of 3rd period - Stopped by Connor Hellebuyck without a rebound.
0:15 of 3rd period - Nathan MacKinnon wins face-off versus Logan Cooley in Penguins zone.
0:27 of 3rd period - Cole Smith is hit by Mattias Ekholm.
0:29 of 3rd period - Shot by Kasperi Kapanen.
0:29 of 3rd period - Shot Misses the Net.
0:31 of 3rd period - Shot by Alexandre Carrier.
0:31 of 3rd period - Shot Misses the Net.
0:39 of 3rd period - Shot by Cole Smith.
0:39 of 3rd period - Shot Blocked by Nathan MacKinnon.
0:54 of 3rd period - Minor Penalty to Mattias Ekholm for Interference.
0:55 of 3rd period - Alex Newhook wins face-off versus Jordan Staal in Penguins zone.
1:24 of 3rd period - Shot by JJ Peterka.
1:24 of 3rd period - Shot Misses the Net.
1:37 of 3rd period - Icing by Andre Burakovsky.
1:38 of 3rd period - Jordan Staal wins face-off versus Alex Newhook in Lightning zone.
2:33 of 3rd period - Shot by Adam Pelech.
2:33 of 3rd period - Stopped by Connor Hellebuyck without a rebound.
2:34 of 3rd period - Logan Cooley wins face-off versus Jordan Staal in Penguins zone.
3:16 of 3rd period - Shot by Eric Robinson.
3:16 of 3rd period - Stopped by Connor Hellebuyck without a rebound.
3:17 of 3rd period - Trevor Lewis wins face-off versus Nathan MacKinnon in Penguins zone.
3:17 of 3rd period - Nick Leddy is hit by Luke Hughes and loses puck.
4:30 of 3rd period - Shot by Jack Hughes.
4:30 of 3rd period - Shot Misses the Net.
5:37 of 3rd period - Shot by Tomas Nosek.
5:37 of 3rd period - Shot Blocked by Alexandre Carrier.
5:39 of 3rd period - Shot by Tomas Nosek.
5:39 of 3rd period - Stopped by Ville Husso with a rebound.
5:41 of 3rd period - Shot by Tomas Nosek.
5:41 of 3rd period - Shot Misses the Net.
6:06 of 3rd period - Shot by Matt Nieto.
6:06 of 3rd period - Stopped by Ville Husso without a rebound.
6:07 of 3rd period - Nathan MacKinnon wins face-off versus Ryan Poehling in Lightning zone.
6:16 of 3rd period - Shot by Mikko Rantanen.
6:16 of 3rd period - Deflect By Nathan MacKinnon.
6:16 of 3rd period - Shot Hit the Post.
6:25 of 3rd period - Minor Penalty to Devon Toews for High sticking.
6:26 of 3rd period - Logan Cooley wins face-off versus Jordan Staal in Penguins zone.
6:35 of 3rd period - Shot by Cole Smith.
6:35 of 3rd period - Stopped by Connor Hellebuyck without a rebound.
6:36 of 3rd period - Alex Newhook wins face-off versus Jordan Staal in Penguins zone.
6:51 of 3rd period - Shot by Alex Newhook.
6:51 of 3rd period - Stopped by Connor Hellebuyck with a rebound.
6:53 of 3rd period - Shot by Andre Burakovsky.
6:53 of 3rd period - Stopped by Connor Hellebuyck without a rebound.
6:54 of 3rd period - Jason Dickinson wins face-off versus Logan Cooley in Penguins zone.
7:44 of 3rd period - Shot by Cale Makar.
7:44 of 3rd period - Shot Misses the Net.
7:50 of 3rd period - Shot by Frederick Gaudreau.
7:50 of 3rd period - Stopped by Ville Husso with a rebound.
8:23 of 3rd period - Cole Smith is hit by Ryan Hartman and loses puck.
8:29 of 3rd period - Icing by Travis Hamonic.
8:30 of 3rd period - Jack Hughes wins face-off versus Ryan Poehling in Lightning zone.
9:22 of 3rd period - Off-side.
9:23 of 3rd period - Logan Cooley wins face-off versus Nathan MacKinnon in neutral zone.
9:32 of 3rd period - Shot by Adam Pelech.
9:32 of 3rd period - Shot Blocked by Mattias Ekholm.
9:55 of 3rd period - Shot by Logan Cooley.
9:55 of 3rd period - Shot Misses the Net.
10:30 of 3rd period - Shot by Alex Newhook.
10:30 of 3rd period - Stopped by Connor Hellebuyck without a rebound.
10:31 of 3rd period - Trevor Lewis wins face-off versus Jack Hughes in Penguins zone.
10:31 of 3rd period - Matt Grzelcyk is hit by Luke Hughes and loses puck.
10:45 of 3rd period - Icing by Luke Hughes.
10:46 of 3rd period - Jack Hughes wins face-off versus Alex Newhook in Penguins zone.
10:48 of 3rd period - Icing by Nikita Kucherov.
10:49 of 3rd period - Jack Hughes wins face-off versus Alex Newhook in Penguins zone.
10:49 of 3rd period - Jack Hughes is hit by JJ Peterka.
10:50 of 3rd period - Minor Penalty to Alex Newhook for Roughing.
10:51 of 3rd period - Trevor Lewis wins face-off versus Jack Hughes in Lightning zone.
11:09 of 3rd period - Shot by Cale Makar.
11:09 of 3rd period - Shot Misses the Net.
11:11 of 3rd period - Shot by Devon Toews.
11:11 of 3rd period - Shot Misses the Net.
11:36 of 3rd period - Icing by Devon Toews.
11:37 of 3rd period - Ryan Poehling wins face-off versus Jack Hughes in Penguins zone.
12:07 of 3rd period - Shot by Quinn Hughes.
12:07 of 3rd period - Shot Misses the Net.
12:09 of 3rd period - Shot by Brandon Hagel.
12:09 of 3rd period - Goal by Brandon Hagel - Lightning : 0 - Penguins : 4.
12:10 of 3rd period - Jason Dickinson wins face-off versus Alex Newhook in neutral zone.
12:38 of 3rd period - Off-side.
12:39 of 3rd period - Logan Cooley wins face-off versus Jordan Staal in neutral zone.
12:46 of 3rd period - Shot by Logan Cooley.
12:46 of 3rd period - Stopped by Connor Hellebuyck without a rebound.
12:47 of 3rd period - Jordan Staal wins face-off versus Logan Cooley in Penguins zone.
12:59 of 3rd period - Off-side.
13:00 of 3rd period - Jack Hughes wins face-off versus Alex Newhook in neutral zone.
13:00 of 3rd period - Cale Makar is hit by Andre Burakovsky and loses puck.
13:22 of 3rd period - Icing by Cale Makar.
13:23 of 3rd period - Jack Hughes wins face-off versus Logan Cooley in Penguins zone.
13:23 of 3rd period - Brandon Hagel is hit by Cole Smith.
13:36 of 3rd period - Off-side.
13:37 of 3rd period - Nathan MacKinnon wins face-off versus Alex Newhook in neutral zone.
13:37 of 3rd period - Quinn Hughes is hit by Alex Newhook and loses puck.
13:53 of 3rd period - Minor Penalty to Andre Burakovsky for Hooking.
13:54 of 3rd period - Jack Hughes wins face-off versus Trevor Lewis in Lightning zone.
14:49 of 3rd period - Shot by Mattias Ekholm.
14:49 of 3rd period - Shot Misses the Net.
14:51 of 3rd period - Shot by Nathan MacKinnon.
14:51 of 3rd period - Stopped by Ville Husso without a rebound.
14:52 of 3rd period - Trevor Lewis wins face-off versus Nathan MacKinnon in Lightning zone.
15:30 of 3rd period - Shot by Brandon Hagel.
15:30 of 3rd period - Deflect By Nathan MacKinnon.
15:30 of 3rd period - Shot Blocked by Adam Pelech.
15:32 of 3rd period - Shot by Mattias Ekholm.
15:32 of 3rd period - Shot Misses the Net.
15:47 of 3rd period - Icing by Nikita Kucherov.
15:48 of 3rd period - Jack Hughes wins face-off versus Trevor Lewis in Penguins zone.
16:45 of 3rd period - Jason Dickinson is hit by Connor Murphy.
17:10 of 3rd period - Minor Penalty to Connor Murphy for Roughing.
17:11 of 3rd period - Nathan MacKinnon wins face-off versus Trevor Lewis in Lightning zone.
19:14 of 3rd period - Connor Murphy is hit by Tomas Nosek and loses puck.
19:44 of 3rd period - Ryan Hartman is hit by Travis Hamonic and loses puck.
Goals for this period are 0 for Lightning vs 1 for Penguins.
Shots for this period are 8 for Lightning vs 5 for Penguins.